 Dungeon Crawl Stone Soup version 0.22-a0-833-g8522bf8 (webtiles) character file.

1065 KristoblXynda the Skirmisher (level 8, 0/142 HPs)
             Began as an Ogre Berserker on July 25, 2018.
             Was a Priest of Trog.
             Slain by Eustachio
             ... wielding a +0 falchion
              (9 damage)
             ... on level 5 of the Dungeon.
             The game lasted 00:09:28 (4126 turns).

KristoblXynda the Skirmisher (Ogre Berserker)       Turns: 4126, Time: 00:09:29

Health: 0/142      AC:  3    Str: 30    XL:     8   Next: 27%
Magic:  8/8        EV: 10    Int:  9    God:    Trog [***...]
Gold:   201        SH:  0    Dex:  5    Spells: 7/7 levels left

rFire    . . .     SeeInvis +   n - +5 hand axe "Atti" {chop, Str+3 Dex-4}
rCold    . . .     Gourm    .   (no shield)
rNeg     . . .     Faith    .   b - +0 animal skin
rPois    .         Spirit   .   (helmet restricted)
rElec    .         Reflect  .   (no cloak)
rCorr    .         Harm     .   (gloves unavailable)
MR       ++...                  (boots unavailable)
Stlth    ..........             (no amulet)
HPRegen  1.33/turn              (no ring)
MPRegen  0.11/turn              (no ring)

@: berserking (expiring), lethally poisoned (0 -> -1), regenerating, very quick
A: large, unfitting armour, antennae 1, see invisible, robust 1, tough skin 1
a: Berserk, Trog's Hand, Renounce Religion


You were on level 5 of the Dungeon.
You worshipped Trog.
Trog was most pleased with you.
You were hungry.

You visited 1 branch of the dungeon, and saw 5 of its levels.
You also visited: Sewer.

You collected 201 gold pieces.

Inventory:

Hand Weapons
 f - a +1 flail of draining
 h - a +0 giant spiked club
 n - the +5 hand axe "Atti" (weapon) {chop, Str+3 Dex-4}
   (You found it on level 4 of the Dungeon)

   It inflicts extra damage upon your enemies.
   It affects your strength (+3).
   It affects your dexterity (-4).
Armour
 b - a +0 animal skin (worn)
Scrolls
 d - 2 scrolls of remove curse
 e - 2 scrolls of fear
 o - a scroll of enchant weapon
Potions
 a - a potion of curing
 j - 3 potions of brilliance
 k - a potion of might {unknown}
 l - a potion of heal wounds
 m - a potion of flight
Comestibles
 c - 8 rations
 g - 2 chunks of flesh


   Skills:
 + Level 7.3 Fighting
 * Level 6.7 Maces & Flails
 + Level 5.0 Dodging


You had 7 spell levels left.
You didn't know any spells.
Your spell library was empty.

Dungeon Overview and Level Annotations

Branches:
Dungeon (5/15)
 Temple: D:4-7

Altars:
Ashenzari
Elyvilon
Trog
Uskayaw
Zin

Annotations:
D:5 Eustachio


Innate Abilities, Weirdness & Mutations

You are too large for most types of armour.
You have tough skin. (AC +1)
You have a pair of small antennae on your head.
You have supernaturally acute eyesight. (SInv)
You are robust. (+10% HP)


Message History

Items here: ††††† a worker ant corpse; a hound corpse; an adder corpse x2; a leopard gecko corpse You barely miss Eustachio.
You barely miss the quokka.
You feel sick.
The bat disappears in a puff of smoke!
The quokka bites you.
* * * LOW HITPOINT WARNING * * *
Eustachio hits you with a falchion.
* * * LOW HITPOINT WARNING * * *
You slash Eustachio!
Eustachio is heavily wounded.
You hit the quokka.
The quokka disappears in a puff of smoke!
The bat hits you.
* * * LOW HITPOINT WARNING * * *
You hit Eustachio.
Eustachio is severely wounded.
You slash the bat!
You kill the bat!
The bat's corpse disappears in a puff of smoke!
The crimson imp blinks!
Eustachio hits you with a falchion!
You die...

#......# #......###
#+##### ####......'.#
#.#...#
..........#.#+#.#.#.#
........§.#.....#.#.#
.......r..#.....#.#.#
...#..§(r.#.....#.#.#
.....5r@#.#.........####
....#{#@#.#....#........
... #.#)#.#.............
.. #.#.#.#.............
. # #.#.#.............
..# ##............ ...#
####.......<. ..#.#
###......... .#.#.#
#.........). ..#.#.#
#.#.........


You could see Eustachio, an iron imp, a river rat, a quokka and a rat.

Vanquished Creatures
  Duvessa (D:4)
  2 eyes of draining (D:3)
  2 ogres
  A phantom (D:4)
  A bullfrog (D:3)
  Dowan (D:4)
  A scorpion (D:3)
  A hound (D:5)
  A jelly (D:5)
  3 orc wizards
  A worker ant (D:5)
  12 adders
  A shadow imp (D:3)
  An adder zombie (D:5)
  2 dart slugs (D:1)
  3 leopard geckos
  10 orcs
  7 ball pythons
  2 bats
  2 giant cockroaches
  6 goblins
  6 hobgoblins (D:1)
  10 jackals
  6 frilled lizards
  A jackal skeleton (D:4)
  10 kobolds
  2 rats
  A plant (Sewer)
97 creatures vanquished.

Vanquished Creatures (others)
  An orc (D:3)
1 creature vanquished.

Grand Total: 98 creatures vanquished

Notes
Turn   | Place    | Note
-------+----------+-------------------------------------------
     0 | D:1      | KristoblXynda the Ogre Berserker began the quest for the Orb.
     0 | D:1      | Reached XP level 1. HP: 24/24 MP: 1/1
   107 | D:1      | Reached XP level 2. HP: 32/32 MP: 2/2
   477 | D:1      | Found a shattered altar of Ashenzari.
   592 | D:1      | Reached XP level 3. HP: 37/40 MP: 3/3
  1384 | D:2      | Found a white marble altar of Elyvilon.
  1515 | D:3      | Noticed a bullfrog
  1522 | D:3      | Killed a bullfrog
  1522 | D:3      | Reached skill level 5 in Fighting
  1522 | D:3      | Reached XP level 4. HP: 30/50 MP: 4/4
  1522 | D:3      | Reached XP level 5. HP: 34/57 MP: 5/5
  1551 | D:3      | HP: 2/57 [orc wizard/dagger (5)]
  1650 | D:3      | Reached ** piety under Trog
  1792 | D:3      | Found a glowing silver altar of Zin.
  2034 | D:3      | Noticed an eye of draining
  2035 | D:3      | Found a bloodstained altar of Trog.
  2035 | D:3      | Noticed an eye of draining
  2073 | D:3      | Killed an eye of draining
  2073 | D:3      | Reached XP level 6. HP: 64/67 MP: 0/6
  2092 | D:3      | Killed an eye of draining
  2092 | D:3      | Reached skill level 5 in Maces & Flails
  2133 | D:3      | Found a glowing drain.
  2150 | Sewer    | Entered a sewer
  2184 | Sewer    | Reached skill level 6 in Fighting
  2775 | Sewer    | Reached XP level 7. HP: 69/75 MP: 7/7
  2791 | Sewer    | Reached *** piety under Trog
  3530 | D:4      | Noticed Duvessa
  3530 | D:4      | Noticed Dowan
  3544 | D:4      | Killed Duvessa
  3547 | D:4      | Killed Dowan
  3651 | D:4      | Found a hide-covered altar of Uskayaw.
  3661 | D:4      | Got a faintly glowing hand axe
  3662 | D:4      | Identified the +5 hand axe "Atti" {chop, Str+3 Dex-4} (You found it on level 4 of the Dungeon)
  3675 | D:4      | Reached XP level 8. HP: 76/84 MP: 8/8
  3751 | D:4      | Reached skill level 7 in Fighting
  3986 | D:4      | Gained mutation: Armour fits poorly on your strangely shaped body. [potion of mutation]
  3986 | D:4      | Gained mutation: Your muscles are strong. (Str +2) [potion of mutation]
  3987 | D:4      | Lost mutation: Your muscles are strong. (Str +2) [potion of mutation]
  3987 | D:4      | Lost mutation: Armour fits poorly on your strangely shaped body. [potion of mutation]
  3987 | D:4      | Gained mutation: You have a pair of small antennae on your head. [potion of mutation]
  3987 | D:4      | Gained mutation: You have supernaturally acute eyesight. (SInv) [potion of mutation]
  3987 | D:4      | Gained mutation: You are robust. (+10% HP) [potion of mutation]
  4014 | D:5      | Entered Level 5 of the Dungeon
  4079 | D:5      | Noticed Eustachio
  4119 | D:5      | Reached skill level 5 in Dodging
  4126 | D:5      | Slain by Eustachio

Vault maps used:
D:1:      ncdulo_lavacross, minmay_strange_pillars, nrook_mini_vaults,
          ashenzari_altar_1
D:2:      elyvilon_altar_4
D:3:      zin_academy, first_ration, portal_sewer_entry_d, trog_eyes_of_draining
D:4:      eat_drink_and_be_merry_uskayaw, corexii_leaking_fountain,
          grunt_decor_fettered, uniq_duvessa
D:5:      grunt_temple_overflow_open, temple_hall, uniq_eustachio
Sewer:    sewer_co_scattered_pipes

Skill      XL: |  1  2  3  4  5  6  7  8 |
---------------+-------------------------+-----
Maces & Flails | 3 4 5 6 |  6.7
Dodging        | 3 4 5 |  5.0
Fighting       | 5 6 7 |  7.3

Action                   |  1- 3 |  4- 6 |  7- 9 || total
-------------------------+-------+-------+-------++-------
Melee: Mace              |    91 |    33 |       ||   124
       Whip              |       |   210 |    39 ||   249
       Flail             |       |       |    29 ||    29
       Hand axe          |       |       |    67 ||    67
Invok: Berserk           |     1 |     1 |     5 ||     7
       Trog's Hand       |       |       |     1 ||     1
  Use: Scroll            |     4 |     1 |     5 ||    10
       Potion            |       |     3 |     6 ||     9
 Stab: Invisible         |       |     1 |       ||     1
  Eat: Chunk             |     1 |       |     6 ||     7
       Ration            |       |     2 |     1 ||     3
Armor: Animal skin       |    23 |    30 |    13 ||    66
Dodge: Dodged            |    62 |    84 |    55 ||   201

Table legend:
 A = Spawn XP
 B = Non-spawn XP
 C = Spawn XP percentage of total XP
 D = Spawn monster count
 E = Non-spawn monster count
 F = Spawn count percentage of total count
 G = Total turns spent on level
                    A         B        C        D         E        F      G
               +---------+---------+-------+---------+---------+-------+---------
         Total |       0 |    1522 |   0.0 |       0 |      96 |   0.0 |  4126
               +---------+---------+-------+---------+---------+-------+---------
           D:1 |       0 |      38 |   0.0 |       0 |      19 |   0.0 |   847
           D:2 |       0 |      35 |   0.0 |       0 |       8 |   0.0 |   654
           D:3 |       0 |     561 |   0.0 |       0 |      25 |   0.0 |   926
           D:4 |       0 |     525 |   0.0 |       0 |      14 |   0.0 |   666
           D:5 |       0 |     298 |   0.0 |       0 |      10 |   0.0 |   112
         Sewer |       0 |      65 |   0.0 |       0 |      20 |   0.0 |   921
               +---------+---------+-------+---------+---------+-------+---------
